 Dungeon Crawl Stone Soup version 0.30-a0-414-gcb316572d5 (webtiles) character file.

Game seed: 17269067054660603067

235 Alacron the Chopper (level 5, -4/47 (48) HPs)
             Began as a Minotaur Berserker on Dec 7, 2022.
             Was a Believer of Trog.
             Slain by a wight
             ... wielding a +2 flail
              (7 damage)
             ... on level 3 of the Dungeon.
             The game lasted 00:06:50 (2092 turns).

Alacron the Chopper (Minotaur Berserker)            Turns: 2092, Time: 00:06:50

HP:   -4/47 (48)    AC: 11    Str: 24    XL:     5   Next: 76%
MP:   4/4           EV:  7    Int:  4    God:    Trog [**....]
Gold: 143           SH:  0    Dex:  9    Spells: 4/4 levels left

rFire   . . .      SeeInvis .    n - +3 battleaxe
rCold   . . .      Faith    .    (shield currently unavailable)
rNeg    . . .      Spirit   .    c - +0 plate armour
rPois   .          Reflect  .    (helmet restricted)
rElec   .          Harm     .    (no cloak)
rCorr   .          Rampage  .    (no gloves)
Will    .....                    (no boots)
Stlth   ..........               (no amulet)
HPRegen 0.27/turn                (no ring)
MPRegen 0.09/turn                (no ring)

@: on berserk cooldown, slowed, lightly drained, very slow
A: horns 2, retaliatory headbutt
a: Renounce Religion, Berserk, Trog's Hand


You were on level 3 of the Dungeon.
You worshipped Trog.
Trog was pleased with you.
You visited 1 branch of the dungeon, and saw 3 of its levels.

You collected 143 gold pieces.

Inventory:

Hand Weapons
 a - a +0 hand axe
 d - a +0 war axe
 n - a +3 battleaxe (weapon)
Armour
 b - a +0 animal skin
 c - a +0 plate armour (worn)
Jewellery
 j - a ring of flight
Scrolls
 f - a scroll of fear
 k - 2 scrolls of vulnerability {unknown}
 l - 2 scrolls of identify {unknown}
 m - a scroll of magic mapping
Potions
 e - 3 potions of mutation {unknown}
 g - a potion of lignification {unknown}
 h - a potion of degeneration {unknown}
 i - a potion of heal wounds {unknown}


   Skills:
 + Level 5.3 Fighting
 + Level 6.7 Axes
 - Level 2.6 Armour
 - Level 2.2 Dodging


You had 4 spell levels left.
You didn't know any spells.
Your spell library was empty.

Dungeon Overview and Level Annotations

Branches:
Dungeon (3/15)

Altars:


Innate Abilities, Weirdness & Mutations

You have a pair of horns on your head.
You reflexively headbutt those who attack you in melee.


Message History

The wight hits you with a +3 battleaxe!
You feel drained.
You barely miss the wight. You headbutt the wight.
The wight is severely damaged.
The wight hits you with a +3 battleaxe. The wight closely misses you.
You barely miss the wight.
The wight is heavily damaged.
The wight hits you with a +3 battleaxe!
* * * LOW HITPOINT WARNING * * *
You feel drained.
* * * LOW HITPOINT WARNING * * *
A red film seems to cover your vision as you go berserk!
You feel yourself moving faster!
You feel mighty! The wight barely misses you.
You slash the wight!
You feel the power of Trog in you as your rage grows.
You destroy the wight!
Trog accepts your kill.
A wight comes into view. It is wielding a +2 flail.
Things that are here:
a +3 battleaxe; a +0 robe
n - a +3 battleaxe You feel a strong urge to attack something.
n - a +3 battleaxe (weapon)
You are too berserk!
You feel your anger nearly subside.
You hear the brisk rusting of a very distant drain.
You are no longer berserk.
You are exhausted.
You feel yourself slow down.
There is a stone staircase leading down here.
You hit the wight.
The wight is lightly damaged.
The wight hits you with a +2 flail!
* * * LOW HITPOINT WARNING * * *
The wight hits you with a +2 flail.
* * * LOW HITPOINT WARNING * * *
Okay, then.
You closely miss the wight. Your headbutt misses the wight.
The wight is lightly damaged.
The wight hits you with a +2 flail!
You die...

#.##..†........[...##########
#.#####...[...###### #.#
#.####..# #.# #.# #.## #.#
#.# #.# #.# #.# #.#
#.#####.####.# #..........))#
#.##########@# #.# #z# #.#
#># #.# #.# #.# ######.# #.#
#......# #.# #.####.###.###
#[....... #.z........###


You could see a wight.

Vanquished Creatures
  A wight (D:3)
  A hound (D:3)
  An orc wizard (D:3)
  Natasha (D:2)
  2 adders
  A worm (D:2)
  A dart slug (D:1)
  7 orcs (D:3)
  6 ball pythons
  3 endoplasms
  3 giant cockroaches
  8 goblins
  5 hobgoblins
  8 kobolds
  4 quokkas
  6 bats
  4 frilled lizards
  7 rats
69 creatures vanquished.

Vanquished Creatures (others)
  A plant (D:2)
1 creature vanquished.

Grand Total: 70 creatures vanquished

Notes
Turn   | Place    | Note
-------+----------+-------------------------------------------
     0 | D:1      | Alacron the Minotaur Berserker began the quest for the Orb.
     0 | D:1      | Reached XP level 1. HP: 19/19 MP: 0/0
    83 | D:1      | Reached skill level 4 in Axes
    83 | D:1      | Reached XP level 2. HP: 24/27 MP: 1/1
   538 | D:1      | Reached XP level 3. HP: 18/33 MP: 2/2
   755 | D:2      | Reached ** piety under Trog
  1193 | D:2      | Noticed Natasha
  1199 | D:2      | Killed Natasha
  1200 | D:2      | Reached skill level 5 in Axes
  1200 | D:2      | Reached XP level 4. HP: 38/41 MP: 3/3
  1330 | D:2      | Found a faded altar of an unknown god.
  1953 | D:3      | Reached skill level 5 in Fighting
  1953 | D:3      | Reached XP level 5. HP: 48/48 MP: 4/4
  1957 | D:3      | Reached skill level 6 in Axes
  2091 | D:3      | HP: 2/47 [wight/+2 flail (5)]
  2092 | D:3      | Slain by a wight

Illustrated notes

Levels and vault maps discovered:
D:1:      heliophobic_arrival_ceremonial_halls, layout_basic,
          minmay_pentomino_t4
D:2:      layout_loops_corners, shapermc_ecumenical_altar_mp_ritualfount,
          uniq_natasha
D:3:      layout_loops_ring, portal_sewer_entry_b

Skill      XL: |  1  2  3  4  5 |
---------------+----------------+-----
Axes           | 4 5 6 |  6.7
Fighting       | 4 5 |  5.3
Armour         | |  2.6
Dodging        | |  2.2

Action                   |  1- 3 |  4- 6 || total
-------------------------+-------+-------++-------
Melee: Hand axe          |    58 |       ||    58
       Headbutt          |     9 |     8 ||    17
       War axe           |    23 |    55 ||    78
       Punch             |     1 |       ||     1
       Battleaxe         |       |     2 ||     2
Invok: Berserk           |       |     1 ||     1
  Use: Scroll            |     3 |       ||     3
Armor: Animal skin       |    14 |       ||    14
       Plate armour      |    11 |    38 ||    49
Dodge: Dodged            |    45 |    29 ||    74

Table legend: (Time is in decaauts)
 A = Elapsed time spent in this place.
 B = Non-inter-level travel time spent in this place.
 C = Inter-level travel time spent in this place.
 D = Time resting spent in this place.
 E = Time spent auto-exploring this place.
 F = Levels seen in this place.
 G = Mean time per level.
                   A        B        C        D        E       F      G
               +--------+--------+--------+--------+--------+-----+--------+
         Total |   2116 |   2064 |     52 |      0 |   1648 |   3 |  705.3 |
       Dungeon |   2116 |   2064 |     52 |      0 |   1648 |   3 |  705.3 |
               +--------+--------+--------+--------+--------+-----+--------+

Top non-repeatable levels by time:
     D:2: 955 daAuts
     D:1: 744 daAuts
     D:3: 416 daAuts
